 Dungeon Crawl Stone Soup version 0.25-a0-733-gf7d8cd8a05 (webtiles) character file.

Game seed: 18076209895645643640, levelgen mode: deterministic

418 Iflex the Poker (level 6, -1/49 HPs)
             Began as a Merfolk Gladiator on Apr 9, 2020.
             Killed by nerve-wracking pain
             ... invoked by a shadow imp
             ... summoned by Natasha
              (14 damage)
             ... on level 4 of the Dungeon.
             The game lasted 00:12:00 (4326 turns).

Iflex the Poker (Merfolk Gladiator)                 Turns: 4326, Time: 00:12:00

Health: -1/49      AC:  6    Str: 17    XL:     6   Next: 93%
Magic:  6/6        EV: 14    Int:  7    God:
Gold:   192        SH:  0    Dex: 15    Spells: 5/5 levels left

rFire    x . .     SeeInvis .   a - +0 trident
rCold    + . .     Gourm    .   (no shield)
rNeg     . . .     Faith    .   b - +0 leather armour
rPois    .         Spirit   .   c - +0 helmet
rElec    .         Reflect  .   (no cloak)
rCorr    .         Harm     .   g - +0 pair of gloves
MR       .....                  m - +0 pair of boots
Stlth    ++........             (no amulet)
HPRegen  0.16/turn              v - ring of ice
MPRegen  0.10/turn              (no ring)

@: slowed, very slow
A: change form in water, swift swim, stealthy swim
a: no special abilities


You were on level 4 of the Dungeon.
You were not hungry.

You visited 1 branch of the dungeon, and saw 4 of its levels.

You collected 192 gold pieces.

Inventory:

Hand Weapons
 a - a +0 trident (weapon)
Missiles
 d - a throwing net (quivered)
Armour
 b - a +0 leather armour (worn)
 c - a +0 helmet (worn)
 g - a +0 pair of gloves (worn)
 m - a +0 pair of boots (worn)
Jewellery
 v - a ring of ice (left hand)
 x - an uncursed ring of attention
Wands
 w - a wand of clouds (5)
Scrolls
 e - a scroll of enchant armour {unknown}
 j - 3 scrolls of blinking
 o - a scroll of magic mapping {unknown}
 q - 2 scrolls of teleportation {unknown}
 r - a scroll of immolation {unknown}
 t - a scroll of fear {unknown}
 u - a scroll of amnesia {unknown}
 y - a scroll of remove curse
Potions
 h - 3 potions of haste
 i - 2 potions of curing
 k - 2 potions of stabbing
 l - a potion of berserk rage
 n - a potion of flight
 p - a potion of lignification
 s - a potion of heal wounds
 z - a potion of mutation {unknown}
Comestibles
 f - 12 rations
 A - a chunk of flesh


   Skills:
 * Level 4.7 Fighting
 + Level 7.7 Polearms
 + Level 2.1 Throwing
 + Level 1.3 Armour
 + Level 5.0 Dodging
 + Level 1.0 Stealth


You had 5 spell levels left.
You didn't know any spells.
Your spell library contained the following spells:

 Spells                   Type           Power        Failure   Level  Hunger
 Beastly Appendage        Tmut           #.....       50%         1    ##.....
 Sticks to Snakes         Tmut           #.......     63%         2    ###....
 Spider Form              Tmut/Pois      #.........   86%         3    ####...
 Ice Form                 Ice/Tmut       #.......     99%         4    #####..
 Blade Hands              Tmut           #.........   100%        5    ######.


Dungeon Overview and Level Annotations

Branches:
Dungeon (4/15)
 Temple: D:4-7

Altars:
Cheibriados
Elyvilon
Kikubaaqudgha

Annotations:
D:3 1 runed translucent door, bmj180's ghost, amateur DrCj
D:4 Natasha


Message History

Natasha is severely wounded.
Natasha claws you! The white imp closely misses you.
Natasha casts a spell at you. The magic dart hits you!
* * * LOW HITPOINT WARNING * * *
You barely miss Natasha.
Natasha is severely wounded.
The white imp completely misses you.
Natasha mumbles some strange words.
The white imp barely misses you.
You closely miss Natasha.
Natasha is severely wounded.
The shadow imp closely misses you.
Natasha stares at you and mumbles some strange words.
You feel as though you will be slow longer.
The white imp completely misses you.
The crimson imp hits you but does no damage.
The shadow imp gestures at you. Pain shoots through your body!
You die...

.....# #....# #.........#......
#...........##. #######'###......
#...........#.. .................
#........... .. .........(.......
#...........##'#####.....########
...................#.....##...#..
...o...............#..........#..
...............5h5.#..........#..
.......@..#..........#..
........5.'..........'..
..........#####.######..
.#########....#+###..#..
#....'..'...'.. #....#..#...#..
#....########.. ###### ###


You could see Natasha, a crimson imp, a white imp and a shadow imp.

Vanquished Creatures
  2 orc priests
  Natasha (D:4)
  2 orc wizards (D:4)
  A hound skeleton (D:2)
  7 gnolls
  8 adders
  An ooze (D:3)
  6 worms
  3 dart slugs
  A leopard gecko (D:4)
  10 orcs
  2 ball pythons
  2 giant cockroaches
  14 goblins
  9 hobgoblins
  4 jackals (D:1)
  7 kobolds
  5 quokkas
  3 bats
  6 frilled lizards
  A quokka skeleton (D:4)
  10 rats
105 creatures vanquished.

Notes
Turn   | Place    | Note
-------+----------+-------------------------------------------
     0 | D:1      | Iflex the Merfolk Gladiator began the quest for the Orb.
     0 | D:1      | Reached XP level 1. HP: 16/16 MP: 1/1
    75 | D:1      | Reached XP level 2. HP: 23/23 MP: 2/2
   429 | D:1      | Reached skill level 5 in Polearms
   434 | D:1      | Reached XP level 3. HP: 28/28 MP: 3/3
   800 | D:2      | Reached XP level 4. HP: 33/34 MP: 4/4
  1014 | D:2      | You fall into a shaft and drop 1 floor!
  1491 | D:2      | Reached skill level 6 in Polearms
  1769 | D:3      | Reached XP level 5. HP: 34/41 MP: 5/5
  2430 | D:3      | Found an ancient bone altar of Kikubaaqudgha.
  2534 | D:3      | Found a white marble altar of Elyvilon.
  2628 | D:3      | Found a runed translucent door.
  2628 | D:3      | Noticed bmj180's ghost (amateur DrCj)
  2665 | D:3      | Reached skill level 5 in Dodging
  2665 | D:3      | Reached XP level 6. HP: 30/48 MP: 6/6
  2882 | D:3      | Reached skill level 1 in Stealth
  3301 | D:4      | Reached skill level 7 in Polearms
  3356 | D:4      | Found a snail-covered altar of Cheibriados.
  3388 | D:4      | Reached skill level 1 in Armour
  3967 | D:4      | Noticed Natasha
  3974 | D:4      | Killed Natasha
  4314 | D:4      | Noticed Natasha
  4326 | D:4      | Killed from afar by a shadow imp

Levels and vault maps discovered:
D:1:      minmay_arrival_jagged, layout_loops_cross, chequers_big_river
D:2:      layout_loops_ring
D:3:      layout_loops_ring, nicolae_overflow_crystal_walls,
          lemuel_doored_altar, hellmonk_ghost_happy_afterlife,
          supply_closet_lemuel
D:4:      layout_gridville, cheibriados_altar_1, first_ration,
          grunt_decor_mini_mirrors, kennysheep_generic_room_8, uniq_natasha

Skill      XL: |  1  2  3  4  5  6 |
---------------+-------------------+-----
Polearms       | 5 6 7 |  7.7
Fighting       | 3 4 |  4.7
Dodging        | 5 |  5.0
Stealth        | 1 |  1.0
Armour         | 1 |  1.3
Throwing       | |  2.1

Action                   |  1- 3 |  4- 6 || total
-------------------------+-------+-------++-------
Melee: Trident           |   112 |   316 ||   428
Throw: Throwing net      |       |     3 ||     3
  Use: Scroll            |       |    10 ||    10
 Stab: Sleeping          |       |     4 ||     4
  Eat: Ration            |       |     1 ||     1
       Chunk             |       |     8 ||     8
Armor: Leather armour    |    20 |    40 ||    60
Dodge: Dodged            |    65 |   145 ||   210

Table legend:
 A = Non-vault XP
 B = Vault XP
 C = Vault XP percentage of total XP
 D = Non-vault monster count
 E = Vault monster count
 F = Vault count percentage of total count
                 A         B        C        D         E       F
            +---------+---------+-------+---------+---------+-------
      Total |     563 |      35 |   5.9 |     104 |       1 |   1.0
            +---------+---------+-------+---------+---------+-------
        D:1 |      43 |       0 |   0.0 |      28 |       0 |   0.0
        D:2 |      99 |       0 |   0.0 |      22 |       0 |   0.0
        D:3 |     224 |       0 |   0.0 |      34 |       0 |   0.0
        D:4 |     197 |      35 |  15.1 |      20 |       1 |   4.8
            +---------+---------+-------+---------+---------+-------
